 Dungeon Crawl Stone Soup version 0.31.0-11-ge490571c62 (webtiles) character file.

Game seed: 2186764720772860969

25 browni3141 the Conjurer (level 2, -1/21 HPs)
             Began as a Demonspawn Conjurer on Jan 30, 2024.
             Succumbed to an adder's poison
             ... on level 2 of the Dungeon.
             The game lasted 00:01:05 (1022 turns).

browni3141 the Conjurer (Demonspawn Conjurer)       Turns: 1022, Time: 00:01:05

Health: -1/21      AC:  2    Str:  7    XL:     2   Next: 82%
Magic:  0/5        EV: 12    Int: 18    God:
Gold:   30         SH:  0    Dex: 11    Spells: 4/5 levels left

rFire   . . .        c - +0 short sword
rCold   . . .        (no shield)
rNeg    . . .        a - +0 robe
rPois   .            (no helmet)
rElec   .            (no cloak)
rCorr   .            (no gloves)
SInv    .            (no boots)
Will    .....        (no amulet)
Stlth   ++           (no ring)
HPRegen 0.23/turn    (no ring)
MPRegen 0.09/turn

%: no passive effects
@: lethally poisoned (-1 -> -10)
A: powered by death 1
a: no special abilities


You were on level 2 of the Dungeon.
You visited 1 branch of the dungeon, and saw 2 of its levels.

You collected 30 gold pieces.

Inventory:

Hand Weapons
 c - a +0 short sword (weapon)
Armour
 a - a +0 robe (worn)
Scrolls
 d - 2 scrolls of amnesia {unknown}
 e - a scroll of fear {unknown}
 f - a scroll of identify {unknown}
Potions
 b - a potion of magic


   Skills:
 - Level 1.0 Fighting
 - Level 2.0 Dodging
 - Level 2.0 Stealth
 - Level 2.1 Spellcasting
 * Level 4.4 Conjurations


You had 4 spell levels left.
You knew the following spells:

 Your Spells              Type           Power      Damage    Failure   Level
a - Magic Dart            Conj           68%        1d6       3%          1

Your spell library contained the following spells:

 Spells                   Type           Power      Damage    Failure   Level
 Searing Ray              Conj           34%        2d5       4%          2
 Dazzling Flash           Conj/Hex       18%        N/A       22%         3
 Mephitic Cloud           Conj/Alch/Air  7%         N/A       28%         3
 Fulminant Prism          Conj/Alch      4%         3d5       58%         4
 Iskenderun's Mystic Bla  Conj/Tloc      9%         2d4       58%         4
 Curse of Agony           Necr           1%         N/A       99%         5
 Silence                  Hex/Air        0%         N/A       99%         5


Dungeon Overview and Level Annotations

Branches:
Dungeon (2/15)

Altars:


Innate Abilities, Weirdness & Mutations

You regenerate a little health from kills.


Message History

The magic dart hits the jackal.
The jackal is almost dead.
The jackal closely misses you.
You barely miss the jackal.
The jackal is almost dead.
The jackal barely misses you.
You barely miss the jackal.
The jackal is almost dead.
The jackal bites you but does no damage. x2
You miss the jackal.
The jackal is almost dead.
The jackal barely misses you.
You hit the jackal.
The jackal is almost dead.
The jackal bites you. x2
You barely miss the jackal. You punch the jackal.
You kill the jackal!
A jackal comes into view.
A jackal is nearby!
The magic dart hits the jackal.
You kill the jackal!
You can't see any susceptible monsters within range! (Use Z to cast anyway.)
A goblin comes into view. It is wielding a +0 club.
A goblin is nearby!
A goblin is nearby!
The magic dart hits the goblin but does no damage.
The goblin shouts!
The goblin closely misses you.
The magic dart hits the goblin.
You kill the goblin!
Things that are here:
a +0 club; a +0 leather armour; a jackal corpse
f - a scroll labelled XICHAO DORGH You pick up a book of the Senses and begin reading...
You add the spells Dazzling Flash, Mephitic Cloud, Curse of Agony and Silence to your library.
d - 2 scrolls labelled ZIEPSU JUDUXZO (gained 1)
An endoplasm comes into view.
The endoplasm quivers.
The endoplasm jiggles.
The endoplasm moves out of view.
You can't see any susceptible monsters within range! (Use Z to cast anyway.)
You can't see any susceptible monsters within range! (Use Z to cast anyway.)
An endoplasm is nearby!
An endoplasm is nearby!
An endoplasm is nearby!
The magic dart hits the endoplasm.
The endoplasm is almost dead.
The endoplasm freezes you.
You are frozen.
The magic dart hits the endoplasm.
You kill the endoplasm!
You can't see any susceptible monsters within range! (Use Z to cast anyway.)
You now have 30 gold pieces (gained 13).
Partly explored, can't reach some items.
Partly explored, can't reach some items.
Partly explored, can't reach some items.
Partly explored, can't reach some items.
You can't see any susceptible monsters within range! (Use Z to cast anyway.)
You can't see any susceptible monsters within range! (Use Z to cast anyway.)
There is a stone staircase leading down here.
You climb downwards.
Found a faded altar of an unknown god.
There is a stone staircase leading up here.
Okay, then.
Done exploring.
You climb upwards.
There is a stone staircase leading down here.
There is a stone staircase leading down here.
You climb downwards.
There is a stone staircase leading up here.
An adder is nearby!
The magic dart hits the adder.
The adder is lightly wounded.
The adder hisses angrily.
The magic dart hits the adder.
The adder is moderately wounded.
The adder bites you. The adder closely misses you.
You hit the adder.
The adder is heavily wounded.
The adder bites you.
You hit the adder but do no damage.
The adder is heavily wounded.
The adder bites you.
You are poisoned.
The adder poisons you!
The magic dart hits the adder.
The adder is severely wounded.
You feel sick. The adder bites you. x2
You are lethally poisoned!
The adder poisons you!
The magic dart hits the adder but does no damage.
The adder is severely wounded.
You feel very sick. The adder bites you.
Okay, then.
Aiming: Magic Dart (safe; 3% risk of failure)
Press: ? - help, Q - select action Shift-Dir - straight line, f/p - adder
Aim: an adder (severely wounded, 100% to hit)
The magic dart hits the adder but does no damage.
The adder is severely wounded.
You die...

######### ###
.###...$...##..
....
......S@.......
....#
####...........
.....
#.......##..
#....
#######...
..... ####
..... #.. #..
#.... .....


You could see an adder.

Vanquished Creatures
  A dart slug (D:1)
  2 ball pythons (D:1)
  3 endoplasms (D:1)
  2 goblins (D:1)
  A hobgoblin (D:1)
  5 jackals (D:1)
  2 kobolds (D:1)
  3 bats (D:1)
19 creatures vanquished.

Notes
Turn   | Place    | Note
-------+----------+-------------------------------------------
     0 | D:1      | browni3141 the Demonspawn Conjurer began the quest for the
                  | Orb.
     0 | D:1      | Reached XP level 1. HP: 13/13 MP: 3/3
   204 | D:1      | Gained mutation: You regenerate a little health from kills.
                  | [demonic ancestry]
   204 | D:1      | Reached XP level 2. HP: 19/19 MP: 1/5
   441 | D:1      | Reached skill level 1 in Fighting
  1006 | D:2      | Found a faded altar of an unknown god.
  1021 | D:2      | HP: 1/21 [adder (2)]
  1022 | D:2      | Succumbed to an adder's poison

Illustrated notes

Levels and vault maps discovered:
D:1:      grunt_arrival_lava_bath, layout_loops_ring
D:2:      layout_rooms, nicolae_ecumenical_oubliette, grunt_ministairs_11,
          minmay_hexomino_u4, uniq_robin, uniq_terence

Skill      XL: |  1  2 |
---------------+-------+-----
Stealth        | 2 |  2.0
Dodging        | 2 |  2.0
Fighting       | 1 |  1.0
Spellcasting   | |  2.1
Conjurations   | |  4.4

Action                     || total
---------------------------++-------
  Melee: Short sword       ||    30
         Punch             ||     1
   Cast: Magic Dart        ||    36
 Armour: Robe              ||    28
  Dodge: Dodged            ||    32
